[Event "BRA vs ARG Blitz 2022"]
[Site "Catas Altas"]
[Date "2022.07.09"]
[Round "1.1"]
[White "Supi, Luis Paulo"]
[Black "Languidey, Simon Alejandro"]
[Result "0-1"]
[ECO "C02"]
[WhiteElo "2603"]
[BlackElo "2424"]
[Annotator "TA"]
[PlyCount "93"]
[EventDate "2022.06.29"]
[EventType "schev"]
[EventCountry "BRA"]
[SourceTitle "playchess.com"]
[Source "ChessBase"]
[SourceQuality "1"]
[WhiteTeam "Brazil"]
[BlackTeam "Argentina"]
[WhiteTeamCountry "BRA"]
[BlackTeamCountry "ARG"]
[TimeControl "180+2"]

1. e4 e6 2. d4 d5 3. e5 c5 4. c3 Nc6 5. Nf3 Qb6 6. Bd3 Bd7 7. O-O {[%emt 0:00:05] 7.0-0 scores better than 7.dxc5.} (7. dxc5 $11 {should be considered.} Bxc5 8. O-O) 7... cxd4 $15 {[%emt 0:00:05] C02: French: Advance Variation.} 8. Re1 Rc8 9. a3 (9. Nbd2 $11) 9... Nge7 {[%emt 0:00:20] Black is slightly better.} (9... a6 $5 ) 10. h4 h6 11. b4 a6 {[%emt 0:00:10] Against b5} 12. Bb2 {[%emt 0:00:05][%cal Rc3d4] [#]} g6 $146 (12... g5 $11) ({Predecessor:} 12... g5 13. Nh2 Bg7 14. Ng4 gxh4 15. cxd4 h5 16. Nf6+ Bxf6 17. exf6 Ng8 18. Qf3 Rh6 19. Qxd5 Nxf6 {1-0 (26) Vachier Lagrave,M (2763)-Ponkratov,P (2659) Riga 2021}) 13. cxd4 $14 Nf5 14. Nc3 Be7 (14... Nfxd4 15. Rc1 Nxf3+ 16. Qxf3 $15) (14... Ncxd4 $2 15. Nxd5 $1 exd5 16. e6 Nxf3+ 17. Qxf3 Bxe6 18. Bxf5 (18. Bxh8 Nxh4 19. Qxd5 Rd8 $18) 18... gxf5 19. Bxh8 $18) 15. h5 Qd8 (15... Ncxd4 $2 16. hxg6 O-O 17. Nxd4 Nxd4 18. Qg4 $18) 16. hxg6 fxg6 {[%emt 0:00:29] [#]} 17. g4 (17. Nxd5 $1 $16 exd5 18. e6) 17... Ng7 (17... Nh4 $11 18. Nxh4 Bxh4 19. Bxg6+ Ke7) 18. Bxg6+ Kf8 19. Qd3 Be8 20. Kg2 Bxg6 21. Qxg6 Qe8 22. Qd3 Qf7 23. Rh1 Ke8 24. b5 axb5 25. Qxb5 ({White should play} 25. Nxb5 $16 {Nd6+ is the strong threat.} Rg8 26. Rag1 (26. Rxh6 Nf5 $17)) 25... Rc7 $2 (25... Qg6 $1 $15 {stays ahead.} 26. Rh3 (26. Qxb7 $2 Qxg4+ 27. Kf1 Kf7 $19) (26. g5 Bxg5 27. Rag1 Rf8 $15) 26... Nh5) 26. Ne2 (26. Qd3 $16) 26... h5 27. Ng3 $2 (27. Qd3 $14 {keeps the upper hand.}) 27... Qg6 28. Rad1 (28. Qb6 $2 Bd8 29. Qb3 Qxg4 $19) 28... Qxg4 29. Nh2 Qg6 30. Qd3 Qf7 ({Black should try} 30... Nf5 $17 {Strongly threatening ...h4.} 31. Kh3 Nh4) 31. Ng4 $2 Kd7 (31... Rf8 $19 32. Nf6+ Bxf6 33. exf6 Qxf6) 32. f3 (32. Ne3 $17) 32... Rcc8 33. Ne3 Rcg8 {[%emt 0:00:01] Threatens to win with ...h4.} 34. Kf2 h4 (34... Rf8 35. Ng2 $19) 35. Ne2 Nh5 {[%emt 0:00:15] White must now prevent ...Ng3.} 36. Rc1 (36. Bc1 $142) 36... Ng3 $19 {[%emt 0:00:00] Chess con chili.} ({Inferior is} 36... Rf8 37. Ng4 $17) 37. Nxg3 hxg3+ (37... Rxg3 38. Nf1 Rgg8 39. Qb5 $17) 38. Kg2 Rh2+ $2 $40 {[%emt 0:00:00][%mdl 128] Black attacks with force.} ({Weaker is} 38... Rf8 39. Ng4 $15) (38... Bg5 $19 {Hoping for ...Bxe3.} 39. Ng4 Bxc1 40. Rxh8 Rxh8 41. Bxc1 Kc8) 39. Rxh2 $17 gxh2+ 40. Kf2 $2 (40. Ng4 $17) 40... Bh4+ 41. Ke2 Bg5 42. Qb5 Kd8 {[%emt 0:00:03] aiming for ...Rf8.} 43. Rxc6 bxc6 {[%emt 0:00:02] Black mates.} 44. Qb8+ Kd7 45. Qb7+ Ke8 46. Qb8+ Bd8 47. Qb6 {[%emt 0:00:09] Never resign too early!  Weighted Error Value: White=0.73/Black=0.54} 0-1

[Event "BRA vs ARG Blitz 2022"]
[Site "Catas Altas"]
[Date "2022.07.09"]
[Round "1.2"]
[White "Mareco, Sandro"]
[Black "Diamant, Andre"]
[Result "1-0"]
[ECO "B31"]
[WhiteElo "2657"]
[BlackElo "2538"]
[Annotator "TA"]
[PlyCount "83"]
[EventDate "2022.06.29"]
[EventType "schev"]
[EventCountry "BRA"]
[SourceTitle "playchess.com"]
[Source "ChessBase"]
[SourceQuality "1"]
[WhiteTeam "Argentina"]
[BlackTeam "Brazil"]
[WhiteTeamCountry "ARG"]
[BlackTeamCountry "BRA"]
[TimeControl "180+2"]

1. e4 c5 2. Nf3 Nc6 3. Bb5 g6 4. O-O Bg7 5. c3 Nf6 6. Re1 O-O 7. h3 Qb6 8. Bf1 {[%emt 0:00:13] 8.a4 is becoming the main line.} e5 {[%emt 0:00:03] B31: Sicilian: 2...Nc6 3 Bb5 g6.} 9. Na3 {[%emt 0:00:08] was the old line (9.d3).} d5 {[%emt 0:00:22] Prevents Nc4.} 10. exd5 Nxd5 {[%emt 0:00:01] The position is equal.} 11. Nc4 Qc7 12. d3 {[%emt 0:00:02] [#]} Re8 $146 (12... Rd8 $15) ({Predecessor:} 12... b6 13. a4 Bb7 14. Qb3 Rad8 15. a5 Kh8 16. axb6 axb6 17. Bg5 f6 18. Bd2 Rd7 {½-½ (87) Crut,A (2359)-Fantinel,T (2375) Playchess.com INT 2021}) 13. a4 b6 14. Qb3 Bb7 15. g3 (15. a5 $5) 15... Rad8 16. Bg2 h6 17. a5 Nxa5 18. Nxa5 bxa5 19. Nd2 Nb6 20. Bxb7 Qxb7 (20... a4 $5 21. Qb5 Qxb7 $11) 21. Ne4 a4 22. Rxa4 {[%emt 0:00:14][%mdl 64] Pin} Qc7 23. Ra5 c4 (23... Rxd3 $11 {keeps the balance.} 24. Rxc5 (24. Nxc5 Rdd8 $11) 24... Qe7) 24. dxc4 $16 Qxc4 25. Qxc4 Nxc4 26. Rxa7 f5 27. b3 {[%emt 0:00:23][%cal Bb2b3,Bb3c4,Bc4c5][%mdl 32] Bxh6 is the strong threat.} fxe4 28. bxc4 Rd3 29. Ba3 (29. Be3 $18) 29... Rxc3 $14 30. Rxe4 Rc8 (30... Rd8 $14) 31. c5 $16 {[%emt 0:00:04] White is more active.} Rc2 {[%emt 0:00:07] [#]} 32. Kf1 ({Better is} 32. Rb4 $1 $18) 32... Rc3 (32... Rd8 $14) 33. Re3 (33. Rg4 $18) 33... Rc2 (33... Rxe3 $16 34. fxe3 Bf8) 34. Re2 $18 Rc3 35. Kg2 Rc4 (35... Rf8 $16 36. Bb2 Rc4) 36. h4 h5 $2 (36... g5 {was worth a try.} 37. h5 Bf8 38. Rxe5 Bxc5 39. Bxc5 R4xc5) 37. Rd2 Bf8 {[%emt 0:00:03] Inhibits Rd6.} 38. Ra6 Kf7 $2 (38... Rc7 39. Rxg6+ Kf7) 39. Rd7+ Ke8 40. Rh7 Rg4 41. Raa7 (41. c6 $142 Rc4 42. Bxf8 R4xc6 {[#]} 43. Raa7 $1) 41... Rc6 42. Rh8 {[%emt 0:00:33] Weighted Error Value: White=0.23 (precise) /Black=0.78} (42. Ra8+ $142 Rc8 43. Rxc8#) 1-0

[Event "BRA vs ARG Blitz 2022"]
[Site "Catas Altas"]
[Date "2022.07.09"]
[Round "2.1"]
[White "Languidey, Simon Alejandro"]
[Black "Supi, Luis Paulo"]
[Result "0-1"]
[ECO "B94"]
[WhiteElo "2424"]
[BlackElo "2603"]
[Annotator "TA"]
[PlyCount "130"]
[EventDate "2022.06.29"]
[EventType "schev"]
[EventCountry "BRA"]
[SourceTitle "playchess.com"]
[Source "ChessBase"]
[SourceQuality "1"]
[WhiteTeam "Argentina"]
[BlackTeam "Brazil"]
[WhiteTeamCountry "ARG"]
[BlackTeamCountry "BRA"]
[TimeControl "180+2"]

1. e4 c5 2. Nf3 d6 3. d4 cxd4 4. Nxd4 Nf6 5. Nc3 a6 6. Bg5 Nbd7 7. Qd2 {[%emt 0:00:00] 7.Qe2 is a critical line.} h6 {[%emt 0:00:05] B94: Sicilian Najdorf: 6 Bg5 Nbd7.} 8. Bh4 e6 {[%emt 0:00:01][%cal Of6e4] Black wants to play ...Nxe4!} 9. Bg3 b5 {[%emt 0:00:05] Black has an edge.} 10. a3 Bb7 {[%emt 0:00:01] [#]} 11. f3 $146 ({Predecessor:} 11. Bd3 Qb6 12. Nb3 Be7 13. O-O Nh5 14. a4 Nxg3 15. hxg3 bxa4 16. Rxa4 h5 17. Na5 {0-1 (38) Tejedor Fuente,E (2443)-Garcia Pantoja,R (2526) Chess.com INT 2020}) 11... Be7 12. Be2 Rc8 13. O-O O-O 14. Rad1 Ne5 15. Bf2 Nc4 16. Bxc4 Rxc4 17. Nb3 Qc7 18. Qe2 Rc8 19. Rd3 Nd7 20. Rfd1 (20. Rb1 $15) 20... Ne5 $17 21. Rd4 Rxc3 (21... Rxd4 $1 $17 22. Bxd4 Nc4) 22. bxc3 $15 Qxc3 23. f4 ({White should play} 23. Be1 $11 Qb2 24. Na5) 23... Nc4 {[%emt 0:00:08] Black is more active.} (23... Ng6 $5 24. Bg3 Qxc2 25. Qxc2 Rxc2 $15) 24. R4d3 Qb2 (24... Qf6 $11) 25. Bd4 $18 Qxa3 26. Nc5 $2 dxc5 $2 (26... Qxc5 27. Bxc5 Rxc5) 27. Rxa3 (27. Bxg7 $142 Qa4 28. Bc3) 27... cxd4 28. Rg3 Bc5 {[%emt 0:00:12] ...d3+ is the strong threat.} 29. Rdd3 $1 Kh8 $2 (29... Bf8 {is more resistant.} 30. Kh1 (30. Rxd4 Bc5 $16) 30... Rd8) 30. f5 Ne5 (30... f6 $142 31. Rxg7 (31. fxe6 Ne5 $18) 31... Kxg7) 31. f6 {[%emt 0:00:02][%cal Oe2h5] White threatens Qh5! and mate.} gxf6 32. Qh5 Bf8 {[%emt 0:00:06] [#]} 33. Rxd4 ({Weaker is} 33. Qh4 Bg7 34. Rd2 (34. Rxd4 Rxc2 35. Qf4 Kh7 $18) 34... Rc4 $18) (33. Rdf3 $142 $1 f5 34. exf5 $1 Bxf3 35. gxf3 Rxc2 36. f4) 33... Bg7 34. Rd2 (34. Qd1 $18) 34... a5 $2 (34... Bxe4 $16 {might work better.} 35. Qd1 Kh7) 35. Qd1 Kh7 36. Rd8 Rc7 (36... Rxd8 37. Qxd8 a4) 37. Rb8 Bxe4 (37... Rd7 $18 38. Qxd7 Nxd7 39. Rxb7 Ne5 40. Rxb5 Nc4) 38. Qd6 $2 (38. Qd8 {mates} Ng4 39. Rxg4 Rc8 40. Qxc8 h5 41. Qg8+ Kh6 42. Qxg7#) 38... Rxc2 $2 (38... Rd7 39. Qb6 Rd1+ 40. Kf2 Bg6 41. Qxb5 (41. Qxa5 Nc6 $14) 41... Rd2+ 42. Ke1 Rxc2) 39. Rxg7+ $2 Kxg7 $11 {[%emt 0:00:00] The board is on fire.} 40. Qf8+ Kg6 41. Qg8+ $2 (41. Rxb5 $11 {and White has nothing to worry.} Rxg2+ 42. Kf1) 41... Kh5 $19 {And now ...Ng4 would win.} 42. Rxb5 Rxg2+ 43. Qxg2 Bxg2 44. Kxg2 {[%emt 0:00:01][%mdl 4096] Endgame KR-KN} Kg5 ({Not} 44... a4 45. Ra5 $17) 45. Rxa5 Kf4 46. Ra4+ {[%emt 0:00:02] [#]} Kf5 $1 47. Kg3 Ng6 (47... Kg6 $19 {Hoping for ...Kg7.} 48. Ra5 Kg7) 48. Ra7 $11 Ne5 $2 (48... e5 $11) 49. Ra4 $1 $19 Kg6 50. Kf4 Nc6 51. Rc4 Ne7 52. Rc1 Nd5+ 53. Ke4 Kh5 54. Rg1 Nb6 ({Better is} 54... Nc3+ $17 55. Kd3 Nb5) 55. Rg7 (55. Kf3 $11 {remains equal.}) 55... Nc4 56. Kf4 $2 {[%emt 0:00:04][%mdl 8192] [#]} (56. Rg2 $17 {lives longer.}) 56... Nd6 $1 57. Rg8 e5+ 58. Kg3 f5 {[%emt 0:00:00] Threatens to win with ...Ne4+.} 59. Rd8 Ne4+ 60. Kf3 $2 (60. Kg2 f4 61. Re8) 60... Ng5+ {[%emt 0:00:00] Black is clearly winning.} 61. Kg2 e4 62. Rd5 Kg4 {[%emt 0:00:01] aiming for ...f4.} 63. Rd6 h5 {[%emt 0:00:02] White must now prevent ...f4.} 64. Rd1 f4 65. Rg1 e3 {[%emt 0:00:02] Weighted Error Value: White=1.14/Black=0.58} (65... f3+ $142 66. Kf2+ Kf4) 0-1

[Event "BRA vs ARG Blitz 2022"]
[Site "Catas Altas"]
[Date "2022.07.09"]
[Round "2.2"]
[White "Diamant, Andre"]
[Black "Mareco, Sandro"]
[Result "1/2-1/2"]
[ECO "C28"]
[WhiteElo "2538"]
[BlackElo "2657"]
[Annotator "TA"]
[PlyCount "41"]
[EventDate "2022.06.29"]
[EventType "schev"]
[EventCountry "BRA"]
[SourceTitle "playchess.com"]
[Source "ChessBase"]
[SourceQuality "1"]
[WhiteTeam "Brazil"]
[BlackTeam "Argentina"]
[WhiteTeamCountry "BRA"]
[BlackTeamCountry "ARG"]
[TimeControl "180+2"]

1. e4 e5 2. Bc4 Nf6 3. d3 Nc6 4. Nc3 Na5 5. Nge2 Nxc4 6. dxc4 Bc5 7. O-O d6 8. Qd3 a6 {[%emt 0:00:06] 8...0-0 is the modern continuation. C28: Vienna Game: 2...Nf6 3 Bc4 Nc6.} 9. a4 {[%emt 0:00:02] [#]} h6 $146 ({Predecessor:} 9... O-O 10. Nd5 Nxd5 11. cxd5 f5 12. Be3 fxe4 13. Qxe4 Bf5 14. Qc4 Bxe3 15. fxe3 Qg5 {1-0 (30) Pupak,T (1968)-Kvackaj,P (2080) Slovakia 2011}) 10. b3 O-O 11. Ng3 Be6 12. Be3 Nd7 13. Rad1 Qh4 14. Bxc5 (14. Nf5 {seems wilder.} Qh5 15. a5 Rae8 16. Ng3) 14... Nxc5 15. Qe3 Kh8 16. a5 Nd7 17. Rd2 Nf6 {[%emt 0:00:01] [#] Threatens to win with ...Ng4.} 18. h3 {[%emt 0:00:17] Against Ng4} Qg5 {[%emt 0:00:12] The position is equal.} 19. Re1 Qxe3 20. Rxe3 g6 21. Nd5 {[%emt 0:01:32] A balanced but interesting game.  Weighted Error Value: White=0.08 (flawless) /Black=0.07 (flawless)} 1/2-1/2

[Event "BRA vs ARG Blitz 2022"]
[Site "Catas Altas"]
[Date "2022.07.09"]
[Round "3.1"]
[White "Supi, Luis Paulo"]
[Black "Mareco, Sandro"]
[Result "1-0"]
[ECO "C54"]
[WhiteElo "2603"]
[BlackElo "2657"]
[Annotator "TA"]
[PlyCount "59"]
[EventDate "2022.06.29"]
[EventType "schev"]
[EventCountry "BRA"]
[SourceTitle "playchess.com"]
[Source "ChessBase"]
[SourceQuality "1"]
[WhiteTeam "Brazil"]
[BlackTeam "Argentina"]
[WhiteTeamCountry "BRA"]
[BlackTeamCountry "ARG"]
[TimeControl "180+2"]

1. e4 e5 2. Nf3 Nc6 3. Bc4 Bc5 4. c3 Nf6 5. d3 d6 6. O-O a5 {[%emt 0:00:01] Inhibits b4. C54: Giuoco Piano: 4 c3 Nf6, main lines with 5 d4 and 5 d3.} 7. Re1 h6 8. Bb3 $5 {[%emt 0:00:34][%mdl 4] Leaves trodden paths.} O-O {[%emt 0:00:05] The position is equal.} 9. d4 $5 {[%emt 0:00:02][%mdl 4] Exploring less charted territory.} Bb6 10. h3 Re8 11. Bc2 Bd7 12. a3 {[%emt 0:00:18] [#]} a4 $146 ({Predecessor:} 12... Qb8 13. Qd3 Qa7 14. Be3 d5 15. Nbd2 exd4 16. Bxd4 Nxd4 17. Nxd4 Bxd4 18. Qxd4 Qxd4 19. cxd4 dxe4 20. Nxe4 Re6 21. Rac1 Kf8 {½-½ (22) Roques,P (2374)-Fraczek,D (2338) ICCF email 2014}) 13. Be3 exd4 14. Bxd4 (14. cxd4 $14 Ba5 15. Bd2) 14... Nxd4 15. cxd4 Ba5 16. Nc3 b5 17. e5 Nh7 18. Re3 Nf8 19. Ne4 ({White should play} 19. Qd3 $14) 19... Rb8 20. b4 axb3 21. Bxb3 {[%emt 0:00:01][%cal Oe4f6] Black must now prevent Nf6+!} Be6 (21... Bf5 $11) 22. d5 $14 Bf5 23. Ng3 (23. Nd4 $1 $16 {[%cal Rd4c6] Hoping for Nc6.} Rxe5 24. Nc6) 23... Bg6 24. e6 (24. Nd4 $14 Bb6 25. e6) 24... Kh8 (24... c5 $11) 25. Nd4 $36 {[%emt 0:00:02][%mdl 2048] And now Nc6 would win. Black is under strong pressure.} Bb6 26. Nc6 {[%emt 0:00:03] 0x0.001e6ea9f0e8dp-1022s more active pieces.} Qg5 27. Rf3 Ra8 28. exf7 Re4 29. Nxe4 $18 {[%emt 0:00:00] Really sharp!} Bxe4 {[%emt 0:00:02] [#] A strong pair of Bishops.} 30. Qe2 {[%emt 0:00:00] Weighted Error Value: White=0.13 (very precise) /Black=0.26 (precise)} (30. Bc2 $1 $18 {[%cal Rc2e4] is the precise move to win.} Bxd5 {[#]} (30... Bxf3 31. Qxf3) 31. Ne7 $1 (31. Nb4 Bxf3 32. Qxf3 Qf6 $18)) 1-0

[Event "BRA vs ARG Blitz 2022"]
[Site "Catas Altas"]
[Date "2022.07.09"]
[Round "3.2"]
[White "Languidey, Simon Alejandro"]
[Black "Diamant, Andre"]
[Result "0-1"]
[ECO "B24"]
[WhiteElo "2424"]
[BlackElo "2538"]
[Annotator "TA"]
[PlyCount "120"]
[EventDate "2022.06.29"]
[EventType "schev"]
[EventCountry "BRA"]
[SourceTitle "playchess.com"]
[Source "ChessBase"]
[SourceQuality "1"]
[WhiteTeam "Argentina"]
[BlackTeam "Brazil"]
[WhiteTeamCountry "ARG"]
[BlackTeamCountry "BRA"]
[TimeControl "180+2"]

1. e4 c5 2. Nc3 a6 3. g3 e6 4. Bg2 Nc6 5. d3 Nge7 6. Be3 {[%emt 0:00:08] B24: Closed Sicilian: 3 g3 sidelines.} b6 7. Nge2 g6 {[%emt 0:00:11] [#]} 8. Qd2 $146 {[%emt 0:00:03] White is better.} ({Predecessor:} 8. d4 cxd4 9. Nxd4 Bg7 10. O-O O-O 11. f4 Nxd4 12. Bxd4 Bxd4+ 13. Qxd4 Nc6 14. Qd6 {1-0 (28) Meisser,W (1968)-Eigemann,J (1904) Nordrheinwestfalen 2015}) 8... h6 ({Black should play} 8... Bb7 $14) 9. O-O Bg7 10. d4 cxd4 11. Nxd4 Ne5 12. b3 {[%emt 0:00:08] Prevents Nc4.} (12. Qe2 $16) 12... Bb7 13. h3 Rc8 14. Rad1 O-O (14... f5 $1 $14) 15. Nce2 Kh7 16. f4 $36 {[%emt 0:00:05][%mdl 2048] White is on the roll.} N5c6 17. e5 (17. c4 $16) 17... d6 (17... Qc7 $14) 18. Nxc6 $16 Bxc6 19. exd6 (19. Qxd6 $16 Bxg2 20. Qxd8 (20. Kxg2 Qxd6 21. Rxd6 Nf5 $11) 20... Rfxd8 21. Rxd8 Bxf1 22. Rxc8 Bxe2 23. Rd8) 19... Nf5 $1 $11 20. Bf2 {[%emt 0:00:06] [#] Black must now prevent d7.} Bxg2 $1 21. Kxg2 {[%emt 0:00:02] And now g4 would win.} Qd7 $2 (21... Rc6 $1 $11) 22. g4 $18 Qb7+ 23. Kh2 Qe4 (23... Nxd6 {is more resistant.} 24. Qxd6 Rxc2) 24. c4 Nxd6 {[%emt 0:00:03] [#]} 25. Ng3 $1 Qf3 26. Be1 $2 (26. Qxd6 $18 {is the precise move to win.} Rfd8 27. Qxd8 Rxd8 28. Rxd8) 26... Qb7 $2 27. Qxd6 b5 28. c5 Rfd8 29. Qxd8 Rxd8 30. Rxd8 Qc7 31. Rd2 Qxc5 32. Bf2 Qb4 (32... Qc6 $142 33. Re2 b4) 33. Be3 a5 34. Kg2 a4 35. bxa4 bxa4 36. Rff2 a3 37. f5 exf5 38. gxf5 Be5 $2 (38... g5 39. f6 Qb7+ 40. Kg1 Qc7) 39. fxg6+ Kxg6 40. Rde2 Qb7+ 41. Kh2 Qc7 42. Rf3 Qc6 43. Ref2 f6 44. Bf4 $2 (44. Kg1 $18 {and White stays clearly on top.}) 44... Bd4 $16 45. Rf1 ({Less strong is} 45. Be3 Be5 46. Rf5 Qc4 $18) ({Better is} 45. Kg2 $16 {Threatens to win with Rd2.} Bxf2 46. Kxf2) 45... h5 $2 (45... Qc2+ $11 {and Black stays safe.} 46. Kh1 Qxa2) 46. h4 $2 (46. Ne2 $18 Bb2 47. R1f2) 46... Qc2+ $11 47. Kh3 {[%emt 0:00:02] Strongly threatening Bd6.} Qxa2 48. Bc1 $2 (48. Re1 $11 {and White has nothing to worry.}) 48... Qe6+ $19 49. Kg2 a2 {[%emt 0:00:01] Dancing on a razor blade.} 50. Bf4 a1=R {[%emt 0:00:03] Prevents Ra3. Active counter play!} 51. Rxa1 Bxa1 52. Re3 $2 (52. Nh1) 52... Qd5+ 53. Kh2 (53. Rf3 $142) 53... Bd4 54. Re2 Qc4 55. Rg2 Kf7 {[%emt 0:00:04] ...Be5 is the strong threat.} 56. Nxh5 Bc5 57. Rg7+ Ke6 {[%emt 0:00:02] ( -> ...Qe2+)} 58. Rg4 Qe2+ 59. Kh3 Qf3+ (59... Qf1+ $142 60. Kh2 Qf3 61. Ng7+ Kd5) 60. Kh2 Qxg4 {Weighted Error Value: White=1.10/Black=0.76} 0-1

[Event "BRA vs ARG Blitz 2022"]
[Site "Catas Altas"]
[Date "2022.07.09"]
[Round "4.1"]
[White "Mareco, Sandro"]
[Black "Supi, Luis Paulo"]
[Result "1-0"]
[ECO "E11"]
[WhiteElo "2657"]
[BlackElo "2603"]
[Annotator "TA"]
[PlyCount "131"]
[EventDate "2022.06.29"]
[EventType "schev"]
[EventCountry "BRA"]
[SourceTitle "playchess.com"]
[Source "ChessBase"]
[SourceQuality "1"]
[WhiteTeam "Argentina"]
[BlackTeam "Brazil"]
[WhiteTeamCountry "ARG"]
[BlackTeamCountry "BRA"]
[TimeControl "180+2"]

1. d4 Nf6 2. c4 e6 3. Nf3 d5 4. g3 Bb4+ 5. Bd2 a5 6. Qc2 O-O 7. Bg2 Be7 {[%emt 0:00:00] E11: Bogo-Indian.} 8. O-O c6 9. b3 b6 {[%emt 0:00:00] The position is equal.} 10. Bf4 Bb7 11. Nc3 Na6 {[%emt 0:00:00] [#]} 12. e4 $5 $146 {[%emt 0:00:02][%mdl 8] New and interesting.} ({Predecessor:} 12. Rfd1 Rc8 13. Qb2 h6 14. Rac1 Bb4 15. a3 Be7 16. Ne5 Nd7 17. cxd5 cxd5 18. Nb5 Nxe5 19. dxe5 Rxc1 20. Rxc1 {0-1 (68) Cheparinov,I (2678)-Sargissian,G (2671) Khanty-Mansiysk 2013}) 12... a4 13. Ne5 Nb4 14. Qe2 axb3 15. axb3 Rxa1 16. Rxa1 dxc4 $1 17. Ra7 (17. Qxc4 b5 18. Qe2 Qxd4 $17) 17... Ba6 18. Rxa6 {[%emt 0:00:38][%mdl 64] Hoping for Ra7. Deflection} Nxa6 (18... Qxd4 $11 19. Nxc6 Nxc6 20. Qxc4 Rc8) 19. Nxc6 $16 Qd7 {[%emt 0:00:14] [#]} 20. Qxc4 {[%emt 0:00:01] White is more active.} (20. e5 $142 $1 Nd5 21. Nxd5 (21. Qxc4 Nxf4 22. gxf4 Nb8 $15) 21... exd5 {[#]} 22. Bxd5 $1) 20... b5 $2 {[%emt 0:00:07] This move loses the game for Black.} (20... Nb4 $16 21. d5 (21. Nxb4 Rc8 $15) 21... Nxc6 22. dxc6 Qa7) 21. Nxb5 $18 ({Don't do} 21. Qxb5 $6 Nb4 $16) 21... Kh8 $2 (21... Re8 22. Nba7 Qb7 23. Nxe7+ Rxe7) 22. Nxe7 Qxe7 23. Bd6 Qd8 24. Bxf8 Qxf8 25. e5 Nd7 26. Nd6 Nab8 27. Qc7 g5 28. Bc6 Nxc6 29. Qxc6 {[%emt 0:00:00][%mdl 4096] Endgame KQN-KQN} Qe7 30. Qc8+ Kg7 31. Qe8 Qxe8 32. Nxe8+ {[%emt 0:00:00] KN-KN} Kg6 33. g4 (33. b4 $142) 33... Nb6 $2 (33... Nb8 34. b4 Nc6) 34. b4 f5 35. exf6 Kf7 (35... h6 $142 36. Kg2 Kf7) 36. Nd6+ Kxf6 37. Ne4+ Kg6 38. b5 h5 39. f3 hxg4 40. fxg4 Nd5 41. Kf2 Nb6 42. h3 Kh6 43. Kf3 Kg6 44. Nc3 Kf6 45. Ke4 Nc4 46. d5 {[%emt 0:00:00] White wants to mate with Kd4.} e5 47. Kd3 Nb6 48. Ne4+ Ke7 49. d6+ Ke6 50. Nxg5+ Kxd6 51. Ne4+ (51. h4 $142 Ke7 52. h5) 51... Kd5 52. h4 {[%emt 0:00:00][%cal Bh3h4,Bh4h5][%mdl 32] White mates.} Ke6 53. h5 Nd5 54. Kc4 Ne3+ 55. Kc5 Nxg4 56. b6 Kd7 57. Kd5 Nh6 58. Kxe5 Kc6 59. Kf6 Kxb6 60. Kg5 Nf7+ 61. Kg6 Ne5+ 62. Kg7 Ng4 63. Nf6 Ne3 64. Kg6 Nc4 65. h6 Ne5+ 66. Kg7 {[%emt 0:00:01] Weighted Error Value: White=0.11 (very precise) /Black=0.37} 1-0

[Event "BRA vs ARG Blitz 2022"]
[Site "Catas Altas"]
[Date "2022.07.09"]
[Round "4.2"]
[White "Diamant, Andre"]
[Black "Languidey, Simon Alejandro"]
[Result "1-0"]
[ECO "C06"]
[WhiteElo "2538"]
[BlackElo "2424"]
[Annotator "TA"]
[PlyCount "45"]
[EventDate "2022.06.29"]
[EventType "schev"]
[EventCountry "BRA"]
[SourceTitle "playchess.com"]
[Source "ChessBase"]
[SourceQuality "1"]
[WhiteTeam "Brazil"]
[BlackTeam "Argentina"]
[WhiteTeamCountry "BRA"]
[BlackTeamCountry "ARG"]
[TimeControl "180+2"]

1. e4 e6 2. d4 d5 3. Nd2 Nf6 4. e5 Nfd7 5. Ngf3 c5 6. c3 Nc6 7. Bd3 Be7 8. O-O g5 9. dxc5 g4 10. Nd4 {[%emt 0:00:02] Threatening Bb5. C06: French Tarrasch: 3...Nf6 4 e5 Nfd7 5 Bd3 main lines.} Ncxe5 11. Bb5 {[%emt 0:00:07] And now f4 would win.} a6 12. Bxd7+ {[%emt 0:00:11] The position is equal.} Bxd7 13. b4 Qc7 (13... a5 $11) 14. f4 $16 gxf3 15. N2xf3 {[%emt 0:00:01] [#] aiming for Bf4.} Nc4 $146 {[%emt 0:00:28] [#] Loses the game.} (15... Ng6 $16 {was necessary.}) ({Predecessor:} 15... Ng6 16. Bg5 f6 17. Bh6 O-O-O 18. a4 Rhg8 19. Qe2 e5 20. c6 Bg4 21. cxb7+ Qxb7 {0-1 (37) Winsnes,R (2378)-Walinder,L (2258) Sweden 2018}) 16. Ng5 $1 $18 Bxg5 (16... O-O-O 17. Nxf7 (17. Rxf7 Rde8 $16) 17... Rhf8 18. Nxd8 Qxd8 19. Rxf8 Qxf8) 17. Bxg5 {[%emt 0:00:01] Qh5 is the strong threat.} h5 18. Qf3 f5 19. Rae1 {[%emt 0:00:19][%csl LRd5,LRe6,LRf5][%cal Rf3f5] White wants to mate with Qxf5.} Kf7 {[%emt 0:00:11] [#]} 20. Nxf5 $1 {[%emt 0:00:14][%mdl 512] White mates.} exf5 21. Qxd5+ Kg6 22. Re6+ Kxg5 23. Qxf5+ {[%emt 0:00:05] Weighted Error Value: White=0.03 (flawless) /Black=0.98} 1-0